 Dungeon Crawl Stone Soup version 0.27-a0-1200-g94dc6ad4cf (webtiles) character file.

Game seed: 12646461469344288435

319 robertstho the Magician (level 6, -1/41 HPs)
             Began as a Djinni Fire Elementalist on June 1, 2021.
             Slain by a killer bee (7 damage)
             ... on level 4 of the Dungeon.
             The game lasted 00:04:39 (5256 turns).

robertstho the Magician (Djinni Fire Elementalist)  Turns: 5256, Time: 00:04:39

Health: -1/41      AC:  2    Str:  7    XL:     6   Next: 75%
Gold:   56         EV:  9    Int: 19    God:
                   SH:  6    Dex: 13

rFire    + + .     SeeInvis .   m - +2 flail (protect)
rCold    x . .     Faith    .   o - +0 kite shield
rNeg     . . .     Spirit   .   a - +0 robe
rPois    ∞         Reflect  .   (no helmet)
rElec    .         Harm     .   (no cloak)
rCorr    .         Rampage  .   (no gloves)
Will     .....                  (boots unavailable)
Stlth    ++........             (no amulet)
HPRegen  0.13/turn              c - ring of wizardry
MPRegen  0.00/turn              (no ring)

@: flying, very slightly contaminated
A: sickness immunity, fire resistance 2, cold vulnerability 1, float, innate
caster, hp casting, extra vitality 1
a: no special abilities


You were on level 4 of the Dungeon.
You visited 1 branch of the dungeon, and saw 5 of its levels.

You collected 152 gold pieces.
You spent 96 gold pieces at shops.

Inventory:

Hand Weapons
 f - a +0 dagger
 m - a +2 flail of protection (weapon)
Armour
 a - a +0 robe (worn)
 o - a +0 kite shield (worn)
Jewellery
 c - a ring of wizardry (left hand)
 p - a ring of wizardry
Scrolls
 b - 2 scrolls of teleportation {unknown}
 d - 2 scrolls of blinking {unknown}
 e - 5 scrolls of identify {unknown}
 h - 2 scrolls of amnesia {unknown}
 i - 2 scrolls of fog {unknown}
 k - a scroll of vulnerability {unknown}
Potions
 g - a potion of cancellation {unknown}
 j - 2 potions of resistance {unknown}
 l - a potion of brilliance {unknown}
 n - a potion of curing


   Skills:
 + Level 0.4 Fighting
 + Level 2.5 Dodging
 + Level 3.0 Stealth
 + Level 4.8 Spellcasting


You couldn't memorise any spells.
You knew the following spells:

 Your Spells              Type           Power      Damage    Failure   Level
a - Foxfire               Conj/Fire      88%        2x1d8     4%          1
b - Conjure Flame         Conj/Fire      22%        6-21      16%         3
c - Inner Flame           Hex/Fire       22%        N/A       16%         3
d - Sticky Flame          Conj/Fire      22%        2d4       43%         4
e - Fireball              Conj/Fire      11%        3d7       77%         5
f - Animate Skeleton      Necr           44%        N/A       4%          1
g - Static Discharge      Conj/Air       22%        N/A       8%          2
Your spell library was empty.

Dungeon Overview and Level Annotations

Branches:
Dungeon (5/15)
 Temple: D:4-7

Altars:

Shops:
D:3 ??![

Annotations:
D:2 1 runed translucent door, Crazy Yiuf


Innate Abilities, Weirdness & Mutations

You are immune to sickness and miasma.
You are immune to poison.
Your flesh is very heat resistant. (rF++)
You are vulnerable to cold. (rC-)
You float through the air rather than walking.
You learn spells naturally, not from books.
Your magical power is your life essence.
You have superior vitality. (+4 HP)


Message History

Press: ? - help, Shift-Dir - straight line, f - killer bee
Aim: a killer bee (100% to hit)
You miscast Sticky Flame.
You are very lightly contaminated with residual magic.
Nothing appears to happen.
The killer bee stings you. The killer bee closely misses you.
Casting: Foxfire (safe; 4% risk of failure)
Press: ? - help, Q - select action, (/) - cycle Dir - look around, f - activate You miscast Foxfire.
Nothing appears to happen.
You block the killer bee's attack. The killer bee stings you!
Unknown command.
Casting: Foxfire (safe; 4% risk of failure)
Press: ? - help, Q - select action, (/) - cycle Dir - look around, f - activate You conjure some foxfire!
The killer bee stings you. x2
Unknown command.
Casting: Foxfire (safe; 4% risk of failure)
Press: ? - help, Q - select action, (/) - cycle Dir - look around, f - activate You conjure some foxfire!
The foxfire hits the killer bee.
The killer bee is moderately wounded.
The foxfire hits the killer bee.
The killer bee is heavily wounded.
The killer bee stings you!
* * * LOW HITPOINT WARNING * * *
The killer bee stings you but does no damage.
Unknown command.
The foxfire hits the killer bee.
The killer bee is heavily wounded.
The foxfire hits the killer bee.
The killer bee is severely wounded.
Unknown command.
Casting: Foxfire (safe; 4% risk of failure)
Press: ? - help, Q - select action, (/) - cycle Dir - look around, f - activate You conjure some foxfire!
* * * LOW HITPOINT WARNING * * *
The killer bee stings you.
* * * LOW HITPOINT WARNING * * *
The killer bee stings you!
You die...

# # # # ############
# #....v.....#
#######
#...@v.....####......
#...y................
####'##########......
#.# ####### #.# # #.#
# #.# #
#.################
#...............##


You could see a killer bee (ally target).

Vanquished Creatures
  3 orc priests
  2 orc wizards (D:3)
  3 gnolls (D:3)
  7 adders
  3 dart slugs
  6 orcs
  3 bats
  5 endoplasms
  2 giant cockroaches
  10 goblins
  10 hobgoblins
  8 jackals (D:2)
  2 quokkas (D:1)
  9 ball pythons
  4 kobolds
  6 rats
83 creatures vanquished.

Vanquished Creatures (others)
  363 foxfires
363 creatures vanquished.

Grand Total: 446 creatures vanquished

Notes
Turn   | Place    | Note
-------+----------+-------------------------------------------
     0 | D:1      | robertstho the Djinni Fire Elementalist began the quest for
                  | the Orb.
     0 | D:1      | Reached XP level 1. HP: 15/15 MP: 0/0
   190 | D:1      | Reached XP level 2. HP: 18/21 MP: 0/0
   738 | D:1      | Reached XP level 3. HP: 24/25 MP: 0/0
   738 | D:1      | Learned a level 1 spell: Animate Skeleton
   811 | D:1      | Reached skill level 3 in Spellcasting
  2140 | D:2      | Reached XP level 4. HP: 22/31 MP: 0/0
  2821 | D:2      | Found a runed translucent door.
  2822 | D:2      | Noticed Crazy Yiuf
  3423 | D:3      | Found a faded altar of an unknown god.
  3617 | D:3      | Found Atezudyf's Jewellery Boutique.
  3682 | D:3      | Reached XP level 5. HP: 31/35 MP: 0/0
  3682 | D:3      | Learned a level 2 spell: Static Discharge
  3816 | D:3      | Reached skill level 4 in Spellcasting
  3850 | D:3      | Found Laes's Distillery.
  3877 | D:3      | Bought a potion of heal wounds for 60 gold pieces
  3877 | D:3      | Bought a potion of curing for 36 gold pieces
  4010 | D:3      | Found Tefu's Antique Armour Shoppe.
  4047 | D:3      | Found Qoguzioh's Magic Scroll Shop.
  4068 | D:3      | Reached XP level 6. HP: 28/40 MP: 0/0
  4261 | D:3      | Found Ruad's Magic Scroll Shoppe.
  5248 | D:5      | Entered Level 5 of the Dungeon
  5256 | D:4      | Slain by a killer bee

Illustrated notes

Levels and vault maps discovered:
D:1:      dpeg_arrival_court, layout_basic
D:2:      kennysheep_big_flooded_room, layout_loops_corners,
          uniq_crazy_yiuf_cottage
D:3:      layout_rooms, ebering_ecumenical_altar_rust, serial_shops, shop, shop,
          shop, shop, shop, minmay_shallow_snake_nest
D:4:      layout_basic
D:5:      layout_loops_ring, portal_sewer_entry_a, kennysheep_nub

Skill      XL: |  1  2  3  4  5  6 |
---------------+-------------------+-----
Spellcasting   | 3 4 |  4.8
Stealth        | 2 3 |  3.0
Fighting       | |  0.4
Dodging        | |  2.5

Action                   |  1- 3 |  4- 6 || total
-------------------------+-------+-------++-------
 Cast: Foxfire           |    75 |   135 ||   210
       Sticky Flame      |       |     3 ||     3
  Use: Potion            |       |     1 ||     1
Armor: Robe              |     2 |     5 ||     7
Dodge: Dodged            |     5 |    13 ||    18
Block: Kite shield       |       |     1 ||     1

Table legend: (Time is in decaauts)
 A = Elapsed time spent in this place.
 B = Non-inter-level travel time spent in this place.
 C = Inter-level travel time spent in this place.
 D = Time resting spent in this place.
 E = Time spent auto-exploring this place.
 F = Levels seen in this place.
 G = Mean time per level.
                   A        B        C        D        E       F      G
               +--------+--------+--------+--------+--------+-----+--------+
         Total |   5254 |   5185 |     69 |    262 |   4431 |   5 | 1050.8 |
       Dungeon |   5254 |   5185 |     69 |    262 |   4431 |   5 | 1050.8 |
               +--------+--------+--------+--------+--------+-----+--------+

Top non-repeatable levels by time:
     D:2: 1948 daAuts
     D:1: 1461 daAuts
     D:3: 1010 daAuts
     D:4: 831 daAuts
     D:5: 1 daAuts
